 Dungeon Crawl Stone Soup version 0.17-a0-2115-g0d8b93e (webtiles) character file.

2076 Maka the Carver (level 9, 0/55 HPs)
             Began as a Halfling Fighter on Oct 20, 2015.
             Was a Follower of Okawaru.
             Slain by an orc warrior
             ... wielding a +0 battleaxe
              (19 damage)
             ... on level 4 of the Dungeon.
             The game lasted 00:15:18 (7275 turns).

Maka the Carver (Halfling Fighter)                  Turns: 7275, Time: 00:15:19

Health: 0/55       AC: 13    Str: 16    XL:     9   Next: 51%
Magic:  9/9        EV: 11    Int:  7    God:    Okawaru [*.....]
Gold:   68         SH:  7    Dex: 17    Spells: 0 memorised, 8 levels left

rFire  . . .     SeeInvis .     w - +2 rapier (flame)
rCold  . . .     Clarity  .     b - +1 scale mail
rNeg   . . .     SustAt   .     m - +0 buckler (curse)
rPois  .         Gourm    .     D - +2 hat
rElec  .         Spirit   .     C - +0 cloak
rCorr  .         Warding  .     v - +0 pair of gloves
rMut   .         Stasis   .     (no boots)
MR     .....                    (no amulet)
Stlth  ..........               (no ring)
                                (no ring)

@: very slightly contaminated, invisible, not resistant to hostile enchantments,
extremely unstealthy
A: mutation resistance 1
a: Heroism, Renounce Religion


You were on level 4 of the Dungeon.
You worshipped Okawaru.
Okawaru was aware of your devotion.
You were very hungry.

You visited 1 branch of the dungeon, and saw 6 of its levels.
You also visited: Sewer and Ossuary.

You collected 338 gold pieces.
You spent 270 gold pieces at shops.

Inventory:

Hand Weapons
 a - a +1 long sword
 w - a +2 rapier of flaming (weapon)
Armour
 b - a +1 scale mail (worn)
 m - a cursed +0 buckler (worn)
 v - a +0 pair of gloves (worn)
 C - a +0 cloak (worn)
 D - a +2 hat (worn)
Wands
 j - a wand of lightning (7)
 x - a wand of polymorph (11)
 y - a wand of random effects (30)
 Z - a wand of teleportation (5)
Scrolls
 d - 2 scrolls of blinking
 g - 6 scrolls of remove curse
 n - 2 scrolls of fear
 o - 5 scrolls of enchant armour
 p - 2 scrolls of amnesia
 q - 2 scrolls of teleportation
Potions
 c - a potion of beneficial mutation
 f - 3 potions of heal wounds
 h - a potion of invisibility
 k - 6 potions of curing
 l - a potion of cure mutation
 r - 2 potions of resistance
 s - 3 potions of brilliance
 t - a potion of haste {unknown}
 u - 2 potions of mutation {unknown}
 A - a potion of agility {unknown}
Comestibles
 e - a bread ration
 i - a meat ration
 z - 3 fruits


   Skills:
 - Level 2.6 Fighting
 + Level 9.0 Long Blades
 - Level 7.1 Armour
 - Level 7.0 Shields


You had 8 spell levels left.
You didn't know any spells.

Dungeon Overview and Level Annotations

Branches:
Dungeon (6/15)             Temple (0/1) D:5

Altars:
Gozag
Okawaru
Sif Muna
The Shining One

Shops:
D:6 ?}:


Innate Abilities, Weirdness & Mutations

You are small and have problems with some larger weapons.
You are somewhat resistant to further mutation.


Message History

The orc warrior hits you with a battleaxe!
You closely miss the orc warrior.
You are now empty-handed.
Really attack barehanded? [Y]es or [N]o only, please.
Really attack barehanded?
Okay, then.
Wield which item (- for none, * to show all)? (? for menu, Esc to quit)
It bursts into flame!
w - a +2 rapier of flaming (weapon)
The orc warrior closely misses you.
You miss the orc warrior.
You catch the helpless orc warrior completely off-guard!
You puncture the orc warrior! You burn the orc warrior.
The orc warrior is heavily wounded.
You block the orc warrior's attack.
You barely miss the orc warrior.
The orc warrior is heavily wounded.
The orc warrior hits you with a battleaxe!!
You die...

#.# #........# ##...#
#.#### #..####''####.#.#
#..>.# ####≈≈≈†.≈≈≈#...#
#..#.# #≈......≈##.##
##...######≈..♣♣.(≈##.#
####.......#≈.♣♣♣♣.≈#..#
#.......##.#≈.♣♣♣♣.≈####
#.##.##.##.#≈..♣♣..≈#
#.##.##.@o.#≈......≈#
#.##....##.#≈≈≈≈≈≈≈≈#
#.##.##.##.##########
#.##.......# #
#.......#### ##
######### #. ######.
#..[... #.####†


You could see an orc warrior.

Vanquished Creatures
  Eustachio (D:5)
  Menkaure (D:5)
  An ice beast (D:5)
  A phantom (D:6)
  An ogre (D:4)
  3 big kobolds (Sewer)
  Blork the orc (D:5)
  2 giant frogs
  8 scorpions (Ossuary)
  A crimson imp (D:5)
  2 centaur zombies (Ossuary)
  A giant frog skeleton (D:5)
  An orc priest (D:5)
  2 orc wizards
  An iguana (D:4)
  3 worker ants (D:4)
  3 big kobold zombies (Ossuary)
  A hound skeleton (D:4)
  A worker ant zombie (D:6)
  2 mummies (Ossuary)
  3 gnolls (D:4)
  4 river rats (Sewer)
  4 scorpion zombies (Ossuary)
  10 adders
  8 oozes
  An adder skeleton (D:4)
  7 worms
  3 giant geckos
  12 orcs
  3 ball pythons
  7 bats
  5 giant cockroaches
  9 goblins
  6 hobgoblins
  2 quokkas (D:4)
  A giant gecko zombie (D:6)
  6 giant newts
  A gnoll zombie (Ossuary)
  2 hobgoblin zombies (Ossuary)
  12 jackals
  10 kobolds
  3 kobold zombies (Ossuary)
  An orc zombie (Ossuary)
  A quokka skeleton (D:5)
  6 rats
  A fungus (D:2)
165 creatures vanquished.

Vanquished Creatures (others)
  A mummy (Ossuary)
  A goblin zombie (Ossuary)
  A fungus (D:2)
3 creatures vanquished.

Grand Total: 168 creatures vanquished

Notes
Turn   | Place    | Note
--------------------------------------------------------------
     0 | D:1      | Maka the Halfling Fighter began the quest for the Orb.
     0 | D:1      | Reached XP level 1. HP: 15/15 MP: 1/1
   133 | D:1      | Reached XP level 2. HP: 16/20 MP: 2/2
   214 | D:1      | Reached XP level 3. HP: 12/25 MP: 3/3
  1049 | D:2      | Found a glowing golden altar of the Shining One.
  1060 | D:2      | Reached skill level 4 in Long Blades
  1060 | D:2      | Reached XP level 4. HP: 25/30 MP: 4/4
  1691 | D:3      | Reached XP level 5. HP: 35/35 MP: 5/5
  1894 | D:3      | Reached skill level 5 in Long Blades
  2201 | D:3      | Noticed a giant frog
  2211 | D:3      | Killed a giant frog
  2211 | D:3      | Reached XP level 6. HP: 16/41 MP: 6/6
  2571 | D:4      | Found a sand-covered staircase.
  2592 | D:4      | Reached skill level 6 in Long Blades
  2610 | Ossuary  | Entered an ossuary
  2801 | Ossuary  | Reached skill level 7 in Long Blades
  2801 | Ossuary  | Reached XP level 7. HP: 21/45 MP: 7/7
  3177 | Ossuary  | HP: 2/45 [poisoned by a scorpion]
  3401 | Ossuary  | Reached skill level 8 in Long Blades
  3771 | Ossuary  | Reached XP level 8. HP: 38/51 MP: 8/8
  3905 | Ossuary  | Reached skill level 5 in Armour
  5162 | D:4      | Found a deep blue altar of Sif Muna.
  5162 | D:4      | Found an opulent altar of Gozag.
  5225 | D:5      | Entered Level 5 of the Dungeon
  5296 | D:5      | Found an iron altar of Okawaru.
  5304 | D:5      | Noticed Eustachio
  5305 | D:5      | Noticed Menkaure
  5306 | D:5      | Became a worshipper of Warmaster Okawaru
  5316 | D:5      | Found a glowing drain.
  5332 | Sewer    | Entered a sewer
  6075 | Sewer    | Reached skill level 5 in Shields
  6075 | Sewer    | Reached XP level 9. HP: 48/55 MP: 9/9
  6247 | D:5      | Killed Eustachio
  6247 | D:5      | Reached * piety under Okawaru
  6416 | D:5      | Noticed Blork the orc
  6432 | D:5      | Killed Blork the orc
  6494 | D:5      | Found a staircase to the Ecumenical Temple.
  6787 | D:5      | Killed Menkaure
  6901 | D:6      | Found Fymor's Book Shop.
  7069 | D:6      | Reached skill level 9 in Long Blades
  7106 | D:6      | Found Romuad's Gadget Boutique.
  7112 | D:6      | Found Simuschu's Magic Scroll Boutique.
  7135 | D:6      | Bought a wand of teleportation (5) for 270 gold pieces
  7275 | D:4      | Slain by an orc warrior

Vault maps used:
D:1:      matt_arrival_spirals
D:2:      tso_metal_star, minmay_gold_behind_fungi
D:3:      first_bread, grunt_ministairs_10, hangedman_glass_teeth
D:4:      gammafunk_temple_overflow_elements, enter_ossuary_3,
          kennysheep_generic_room_6
D:5:      okawaru_trees_1, temple_hall, portal_sewer_entry_d, uniq_eustachio,
          uniq_menkaure, uniq_blork_the_orc
D:6:      nemelex_deck, serial_shops, shop, nicolae_shop_waterfront,
          nicolae_shop_statue_plus, lemuel_another_geyser
Sewer:    sewer_co_tree
Ossuary:  ossuary_minmay_scorpions

Action                   |  1- 3 |  4- 6 |  7- 9 || total
-------------------------+-------+-------+-------++-------
Melee: Long sword        |   108 |   212 |   628 ||   948
       Rapier            |       |       |     3 ||     3
  Use: Scroll            |     6 |       |    12 ||    18
       Potion            |       |     1 |     4 ||     5
 Stab: Invisible         |       |       |     1 ||     1
  Eat: Chunk             |     1 |     5 |     3 ||     9
       Bread ration      |       |     1 |     1 ||     2
       Fruit             |       |       |     4 ||     4
